NCAA
SOUTH FLORIDA BULLS @ PENN STATE NITTANY LIONS
04/27/2023
 
TOP OF THE 1ST
South Florida Bulls batting - Pitching for Penn State Nittany Lions : RHP Jeff Davis
Pitching: RHP Jeff Davis
Batting: LHB Bob Bush 0-0: Ball
1-0: Fly out, F8 (Flyball, 8LM)
Batting: SHB Roberto Torres 0-0: Called Strike
0-1: Foul Ball, location: 2F
0-2: Strikes out looking
Batting: RHB John Little 0-0: Called Strike
0-1: Called Strike
0-2: Fly out, F9 (Flyball, 9LM)
Top of the 1st over - 0 run(s), 0 hit(s), 0 error(s), 0 left on base; South Florida 0 - Penn State 0
BOTTOM OF THE 1ST
Penn State Nittany Lions batting - Pitching for South Florida Bulls : RHP Curtis Adams
Pitching: RHP Curtis Adams
Batting: LHB Andrew Russell 0-0: Ball
1-0: Called Strike
1-1: SINGLE (Line Drive, 78S)
Batting: RHB Bob Cole 0-0: Ball
1-0: Ball
2-0: Called Strike
2-1: Called Strike
2-2: Ball
3-2: Base on Balls
Andrew Russell to second
Batting: RHB Sergio Gonzáles 0-0: Ball
1-0: Called Strike
1-1: Called Strike
1-2: Ball
2-2: Ball
3-2: Base on Balls
Andrew Russell to third
Bob Cole to second
Batting: RHB Tom Gordon 0-0: Ball
1-0: Ball
2-0: Called Strike
2-1: Fly out, F7 (Flyball, 7M)
Runner from 3rd tags up, SCORES, no throw
Batting: RHB Raúl Ruíz 0-0: Ball
1-0: Ground out 3-1 (Groundball, 34S)
Bob Cole to third
Sergio Gonzáles to second
Batting: RHB William Rogers 0-0: Swinging Strike
0-1: SINGLE (Groundball, 4MD) (infield hit)
Bob Cole scores
Sergio Gonzáles to third
Batting: SHB Jim Gibson 0-0: Ball
1-0: Swinging Strike
1-1: Called Strike
1-2: Foul Ball, location: 2F
1-2: Ball
2-2: Foul Ball, location: 2F
2-2: Ball
3-2: Base on Balls
William Rogers to second
Batting: RHB Johnny Hood 0-0: Foul Ball, location: 2F
0-1: SINGLE (Groundball, 56D)
Sergio Gonzáles scores
William Rogers to third
Jim Gibson to second
Runner from 3rd tries for Home, SAFE, no throw or cutoff
Batting: RHB Jim Anderson 0-0: Ball
1-0: Called Strike
1-1: Ball
2-1: Foul Ball, location: 2F
2-2: Ball
3-2: Foul Ball, location: 2F
3-2: Strikes out swinging
Bottom of the 1st over - 4 run(s), 3 hit(s), 0 error(s), 2 left on base; South Florida 0 - Penn State 4
TOP OF THE 2ND
South Florida Bulls batting - Pitching for Penn State Nittany Lions : RHP Jeff Davis
Batting: SHB Tex White 0-0: Foul Ball, location: 2F
0-1: Ball
1-1: Ball
2-1: Foul Ball, location: 2F
2-2: Ground out 4-3 (Groundball, 4)
Batting: RHB Mark Parker 0-0: Foul Ball, location: 2F
0-1: Ball
1-1: Fly out, F9 (Flyball, 89S)
Batting: RHB Jon Krohne 0-0: Called Strike
0-1: Ball
1-1: Called Strike
1-2: Foul Ball, location: 2F
1-2: Ball
2-2: Foul Ball, location: 2F
2-2: Ball
3-2: Strikes out looking
Top of the 2nd over - 0 run(s), 0 hit(s), 0 error(s), 0 left on base; South Florida 0 - Penn State 4
BOTTOM OF THE 2ND
Penn State Nittany Lions batting - Pitching for South Florida Bulls : RHP Curtis Adams
Batting: LHB Andrew Russell 0-0: Called Strike
0-1: Ground out 6-3 (Groundball, 6)
Batting: RHB Bob Cole 0-0: Ball
1-0: Ball
2-0: SINGLE (Line Drive, 89S)
Batting: RHB Sergio Gonzáles 0-0: Called Strike
0-1: Ball
Bob Cole steals 2nd base
1-1: Ball
2-1: Ball
3-1: Base on Balls
Batting: RHB Tom Gordon 0-0: Foul Ball, location: 2F
0-1: Swinging Strike
0-2: Grounds into double play, 4-6-3 (Groundball, 4)
Bottom of the 2nd over - 0 run(s), 1 hit(s), 0 error(s), 1 left on base; South Florida 0 - Penn State 4
TOP OF THE 3RD
South Florida Bulls batting - Pitching for Penn State Nittany Lions : RHP Jeff Davis
Batting: LHB Bob Jacobs 0-0: Foul Ball, location: 2F
0-1: Foul Ball, location: 2F
0-2: DOUBLE (Line Drive, 89M)
Batting: RHB Rafael Martínez 0-0: Called Strike
0-1: Ball
1-1: Fly out, F3 (Popup, 3SF)
Batting: RHB Doug Jones 0-0: Ball
1-0: Ball
2-0: Ground out 6-3 (Groundball, 6M)
Bob Jacobs to third
Batting: LHB Bob Bush 0-0: Swinging Strike
0-1: Foul Ball, location: 2F
0-2: Ball
1-2: Ground out 1-3 (Groundball, 15S)
Top of the 3rd over - 0 run(s), 1 hit(s), 0 error(s), 1 left on base; South Florida 0 - Penn State 4
BOTTOM OF THE 3RD
Penn State Nittany Lions batting - Pitching for South Florida Bulls : RHP Curtis Adams
Batting: RHB Raúl Ruíz 0-0: Foul Ball, location: 2F
0-1: Ball
1-1: SINGLE (Line Drive, 89S)
Batting: RHB William Rogers 0-0: Swinging Strike
0-1: Ball
1-1: Ball
2-1: Fly out, F4 (Line Drive, 4)
Batting: SHB Jim Gibson 0-0: Called Strike
0-1: Fly out, F8 (Line Drive, 8LD)
Batting: RHB Johnny Hood 0-0: Ball
1-0: Ball
2-0: Foul Ball, location: 2F
2-1: Ball
3-1: Ground out U3 (Groundball, 3)
Bottom of the 3rd over - 0 run(s), 1 hit(s), 0 error(s), 1 left on base; South Florida 0 - Penn State 4
TOP OF THE 4TH
South Florida Bulls batting - Pitching for Penn State Nittany Lions : RHP Jeff Davis
Batting: SHB Roberto Torres 0-0: Swinging Strike
0-1: Ball
1-1: Ball
2-1: Ball
3-1: Called Strike
3-2: Ground out 4-3 (Groundball, 4)
Batting: RHB John Little 0-0: Ball
1-0: SINGLE (Groundball, 6MD)
Batting: SHB Tex White 0-0: Ball
1-0: Ball
2-0: Grounds into double play, 1-6-3 (Groundball, 15S)
Top of the 4th over - 0 run(s), 1 hit(s), 0 error(s), 0 left on base; South Florida 0 - Penn State 4
BOTTOM OF THE 4TH
Penn State Nittany Lions batting - Pitching for South Florida Bulls : RHP Curtis Adams
Batting: RHB Jim Anderson 0-0: SINGLE (Line Drive, 6MD)
Batting: LHB Andrew Russell 0-0: Ball
1-0: Called Strike
1-1: Fielders Choice at 2nd, 4-6 (Groundball, 4)
Batting: RHB Bob Cole 0-0: Called Strike
Andrew Russell steals 2nd base
0-1: Ground out 6-3 (Groundball, 6)
Batting: RHB Sergio Gonzáles 0-0: Ball
1-0: Ball
2-0: Called Strike
2-1: Ball
3-1: Ground out 4-3 (Groundball, 4M)
Bottom of the 4th over - 0 run(s), 1 hit(s), 0 error(s), 1 left on base; South Florida 0 - Penn State 4
TOP OF THE 5TH
South Florida Bulls batting - Pitching for Penn State Nittany Lions : RHP Jeff Davis
Batting: RHB Mark Parker 0-0: Called Strike
0-1: Ball
1-1: SINGLE (Flyball, 6MD)
Batting: RHB Jon Krohne 0-0: Ball
1-0: Ground out 5-3 (Groundball, 56S)
Mark Parker to second
Batting: LHB Bob Jacobs 0-0: Ground out U3 (Groundball, 3L)
Mark Parker to third
Batting: RHB Rafael Martínez 0-0: Foul Ball, location: 2F
0-1: Ball
1-1: Ground out 5-3 (Groundball, 56)
Top of the 5th over - 0 run(s), 1 hit(s), 0 error(s), 1 left on base; South Florida 0 - Penn State 4
BOTTOM OF THE 5TH
Penn State Nittany Lions batting - Pitching for South Florida Bulls : RHP Curtis Adams
Batting: RHB Tom Gordon 0-0: Ball
1-0: Ball
2-0: Called Strike
2-1: Called Strike
2-2: Fly out, F9 (Flyball, 89M)
Pitching: RHP Tyler Kirkland
Batting: RHB Raúl Ruíz 0-0: Called Strike
0-1: Ball
1-1: Ball
2-1: Swinging Strike
2-2: Strikes out swinging
Batting: RHB William Rogers 0-0: SINGLE (Groundball, 3L)
Batting: SHB Jim Gibson 0-0: Called Strike
William Rogers steals 2nd base
0-1: Ball
1-1: Foul Ball, location: 2F
1-2: Ball
2-2: Ground out 4-3 (Groundball, 4)
Bottom of the 5th over - 0 run(s), 1 hit(s), 0 error(s), 1 left on base; South Florida 0 - Penn State 4
TOP OF THE 6TH
South Florida Bulls batting - Pitching for Penn State Nittany Lions : RHP Jeff Davis
Batting: RHB Doug Jones 0-0: Ball
1-0: Ground out 4-3 (Groundball, 4)
Batting: LHB Bob Bush 0-0: Called Strike
0-1: SINGLE (Groundball, 6MD)
Batting: SHB Roberto Torres 0-0: Called Strike
0-1: Foul Ball, location: 2F
0-2: Foul Ball, location: 2F
0-2: Foul Ball, location: 2F
0-2: Ball
Bob Bush steals 2nd base
1-2: Foul Ball, location: 2F
1-2: Ground out 4-3 (Groundball, 4)
Bob Bush to third
Pitching: RHP Tom Henry
Batting: RHB John Little 0-0: Ball
1-0: Ball
2-0: Ball
3-0: Called Strike
3-1: Foul Ball, location: 2F
3-2: Foul Ball, location: 2F
3-2: Fly out, F7 (Flyball, 78M)
Top of the 6th over - 0 run(s), 1 hit(s), 0 error(s), 1 left on base; South Florida 0 - Penn State 4
BOTTOM OF THE 6TH
Penn State Nittany Lions batting - Pitching for South Florida Bulls : RHP Tyler Kirkland
Batting: RHB Johnny Hood 0-0: Ball
1-0: Foul Ball, location: 2F
1-1: SINGLE (Line Drive, 6MD)
Batting: RHB Jim Anderson 0-0: Ball
1-0: Ball
2-0: Grounds into double play, 6-4-3 (Groundball, 6)
Batting: LHB Andrew Russell 0-0: Fly out, F7 (Flyball, 7M)
Bottom of the 6th over - 0 run(s), 1 hit(s), 0 error(s), 0 left on base; South Florida 0 - Penn State 4
TOP OF THE 7TH
South Florida Bulls batting - Pitching for Penn State Nittany Lions : RHP Tom Henry
Batting: SHB Tex White 0-0: Ball
1-0: Ball
2-0: Foul Ball, location: 2F
2-1: DOUBLE (Line Drive, 5D)
Batting: RHB Mark Parker 0-0: Called Strike
0-1: Ball
1-1: Called Strike
1-2: Ball
2-2: Strikes out swinging
Batting: RHB Jon Krohne 0-0: Ball
1-0: Ball
2-0: Swinging Strike
2-1: Foul Ball, location: 2F
2-2: Ball
3-2: Strikes out swinging
Batting: LHB Bob Jacobs 0-0: Ball
1-0: Swinging Strike
1-1: Foul Ball, location: 2F
1-2: Strikes out swinging
Top of the 7th over - 0 run(s), 1 hit(s), 0 error(s), 1 left on base; South Florida 0 - Penn State 4
BOTTOM OF THE 7TH
Penn State Nittany Lions batting - Pitching for South Florida Bulls : RHP Tyler Kirkland
Batting: RHB Bob Cole 0-0: Ball
1-0: Foul Ball, location: 2F
1-1: Ball
2-1: Ball
3-1: Base on Balls
Batting: RHB Sergio Gonzáles 0-0: Called Strike
0-1: Called Strike
0-2: Ball
1-2: Foul Ball, location: 2F
1-2: Fly out, F8 (Flyball, 8LM)
Pitching: LHP Sam Lucas
Batting: RHB Tom Gordon 0-0: Called Strike
0-1: Grounds into double play, 1-4-3 (Groundball, 15S)
Bottom of the 7th over - 0 run(s), 0 hit(s), 0 error(s), 0 left on base; South Florida 0 - Penn State 4
TOP OF THE 8TH
South Florida Bulls batting - Pitching for Penn State Nittany Lions : RHP Tom Henry
Batting: RHB Rafael Martínez 0-0: Called Strike
0-1: Called Strike
0-2: Ball
1-2: Fly out, F9 (Flyball, 9LM)
Batting: RHB Doug Jones 0-0: Ball
1-0: Ball
2-0: Ball
3-0: Called Strike
3-1: Foul Ball, location: 2F
3-2: SINGLE (Flyball, 56D)
Batting: LHB Bob Bush 0-0: Ball
1-0: Ground out 5-3 (Groundball, 5S)
Doug Jones to second
Batting: SHB Roberto Torres 0-0: Ball
1-0: Called Strike
1-1: Swinging Strike
1-2: Ball
2-2: Strikes out swinging
Top of the 8th over - 0 run(s), 1 hit(s), 0 error(s), 1 left on base; South Florida 0 - Penn State 4
BOTTOM OF THE 8TH
Penn State Nittany Lions batting - Pitching for South Florida Bulls : LHP Sam Lucas
Batting: RHB Raúl Ruíz 0-0: Foul Ball, location: 2F
0-1: Ball
Reached via error on a dropped throw, E1
Batting: RHB William Rogers 0-0: Called Strike
0-1: Foul Ball, location: 2F
0-2: Ball
1-2: Foul Ball, location: 2F
1-2: Ball
Raúl Ruíz steals 2nd base
2-2: Foul Ball, location: 2F
2-2: Ball
3-2: Foul Ball, location: 2F
3-2: Base on Balls
Batting: SHB Jim Gibson Balk!
Raúl Ruíz to third
William Rogers to second
0-0: Intentional Walk
Batting: RHB Johnny Hood 0-0: Foul Ball, location: 2F
0-1: Called Strike
0-2: Foul Ball, location: 2F
0-2: Ball
1-2: Ground out 5-3 (Groundball, 56S)
Raúl Ruíz scores
William Rogers to third
Jim Gibson to second
Batting: RHB Jim Anderson 0-0: Called Strike
0-1: Fly out, F9 (Popup, 9S)
Runner from 3rd tags up, SCORES, throw made
Batting: LHB Andrew Russell 0-0: Foul Ball, location: 2F
0-1: Foul Ball, location: 2F
0-2: Strikes out looking
Bottom of the 8th over - 2 run(s), 0 hit(s), 1 error(s), 1 left on base; South Florida 0 - Penn State 6
TOP OF THE 9TH
South Florida Bulls batting - Pitching for Penn State Nittany Lions : RHP Tom Henry
Now at C: Tony Jones
Batting: RHB John Little 0-0: Foul Ball, location: 2F
0-1: Ball
1-1: Called Strike
1-2: Ball
2-2: Foul Ball, location: 2F
2-2: Ball
3-2: Base on Balls
Batting: SHB Tex White 0-0: Called Strike
0-1: Ball
1-1: Ground out 3-1 (Groundball, 34)
John Little to second
Pitching: RHP Fernando Peña
Batting: RHB Mark Parker 0-0: Ball
1-0: Foul Ball, location: 2F
1-1: Foul Ball, location: 2F
1-2: Strikes out swinging
Batting: RHB Jon Krohne 0-0: Foul Ball, location: 2F
0-1: Ground out 5-3 (Groundball, 56)
Top of the 9th over - 0 run(s), 0 hit(s), 0 error(s), 1 left on base; South Florida 0 - Penn State 6
This league is powered by Out of the Park Baseball, the baseball management simulation game for PC, Mac and Linux
Wednesday, December 2nd, 2015 - OOTP Baseball 16.8 Build 38